Cogmind - Beta 17 @@@ ROGUE MODE // 2026.07.09 @ 16:55:15 Player: Conwew Result: Destroyed by Z-Imprinter with Zionite Laser-M Performance ------------- Evolutions (3) 1500 Regions Visited (9) 1800 Robots Destroyed (48) 240 Value Destroyed (1638) 1638 Prototype IDs (1) 20 Alien Tech Used (0) 0 Bonus (586) 586 TOTAL SCORE: 5784 Bonus ------- Met Imprinter 300 Was Imprinted 300 Friendly Fire -14 Cogmind --------- Core Integrity 0/700 Matter 300/300 Energy 99/100 System Corruption 0% Temperature Cool (9) Movement Core (100) Ox1 Location -7/Deep Caves Parts ------- > --- POWER (1) -------- (None) > --- PROPULSION (3) --- (None) > --- UTILITY (6) ------ Improved Signal Interpreter Advanced Targeting Computer Target Analyzer > --- WEAPON (3) ------- Ripper Ripper > --- INVENTORY (5) ---- Riot Gun Pulse Rifle Heavy Beamcaster Barrage Gun Barrage Gun Peak State ------------ > --- POWER ------------ Reinforced Deuterium Engine > --- PROPULSION ------- Improved Medium Treads Carbon-fiber Leg > --- UTILITY ---------- Cryofiber Web Improved Heat Sink Signal Interpreter Advanced Targeting Computer Target Analyzer Improved Medium Armor Plating > --- WEAPON ----------- Heavy Laser Flak Gun Gauss Cannon > --- INVENTORY -------- (None) [Rating: 41] Favorites ----------- Power Makeshift Power Source Engine Makeshift Power Source Power Core Nuclear Core Propulsion Aluminum Leg Treads Improved Medium Treads Leg Aluminum Leg Wheel Subdweller Monowheel Flight Unit Flight Unit Utility Signal Interpreter Device Cryofiber Web Processor Signal Interpreter Protection Improved Medium Armor Plating Weapon Light Assault Rifle Energy Gun Gatling Laser Energy Cannon Heavy Particle Cannon Ballistic Gun Light Assault Rifle Ballistic Cannon Gauss Cannon Slashing Weapon Ripper Piercing Weapon CR-A16's Pointy Stick Build | -11 -10 -10 -10 -8 -7 -7 -7 -7 -7 ------- Run | Yrd Mat Min Sub Mat Fac Low Low Zio Dee Slots Evolved 6 | . . . . 4 2 . . . . Power . | . . . . . . . . . . Propulsion 1 | . . . . 1 . . . . . Utility 4 | . . . . 2 2 . . . . Weapon 1 | . . . . 1 . . . . . Parts Attached 64 | 5 5 2 11 14 10 8 . 9 . Power 10 | 1 . 1 2 2 1 2 . 1 . Engine 9 | 1 . 1 2 2 1 1 . 1 . Core 1 | . . . . . . 1 . . . Reactor . | . . . . . . . . . . Propulsion 16 | 2 2 . 5 1 4 1 . 1 . Treads 3 | . . . . . 2 1 . . . Leg 9 | 2 2 . 1 1 2 . . 1 . Wheel 3 | . . . 3 . . . . . . Hover . | . . . . . . . . . . Flight 1 | . . . 1 . . . . . . Utility 21 | . 2 . 2 8 3 2 . 4 . Device 10 | . 1 . 2 4 1 . . 2 . Storage . | . . . . . . . . . . Processor 4 | . 1 . . . 2 . . 1 . Hackware . | . . . . . . . . . . Protection 7 | . . . . 4 . 2 . 1 . Artifact . | . . . . . . . . . . Weapon 17 | 2 1 1 2 3 2 3 . 3 . Energy Gun 5 | 1 1 . . . 2 1 . . . Energy Cannon 1 | . . . . 1 . . . . . Ballistic Gun 7 | 1 . 1 2 2 . 1 . . . Ballistic Cannon 1 | . . . . . . 1 . . . Launcher . | . . . . . . . . . . Special Weapon . | . . . . . . . . . . Impact Weapon . | . . . . . . . . . . Slashing Weapon 2 | . . . . . . . . 2 . Piercing Weapon 1 | . . . . . . . . 1 . Special Melee Weapon . | . . . . . . . . . . Unidentified Prototypes 1 | . . . . . . . . 1 . Parts Lost 34 | . . 3 7 3 . 9 6 . 6 Power 5 | . . 1 1 . . 2 . . 1 Propulsion 9 | . . 1 3 . . 2 2 . 1 Utility 9 | . . . 1 2 . 2 1 . 3 Weapon 11 | . . 1 2 1 . 3 3 . 1 Highest Loss Streak 7 | . . 3 2 1 . 7 4 . 6 To Critical Strikes 1 | . . 1 . . . . . . . Average Backups 3 | . 3 4 4 4 3 2 . 4 5 Power . | . . . . . 1 . . . . Propulsion . | . 1 3 2 . . . . . . Utility . | . . . . 1 1 . . . . Weapon 2 | . 1 1 1 . 1 1 . 4 5 Tool/Special . | . . . . . . . . . . Unused Backups 8 | . . . . 3 . . . . 5 Power . | . . . . . . . . . . Propulsion 2 | . . . . 2 . . . . . Utility 1 | . . . . 1 . . . . . Weapon 5 | . . . . . . . . . 5 Tool/Special . | . . . . . . . . . . Average Slot Usage (%) 83 | . 82 96 76 97 98 93 81 70 81 Engine 7 | . 14 13 9 9 7 6 7 2 6 Treads 1 | . . . . . 3 1 7 . . Leg 10 | . 28 25 11 7 17 17 . 2 6 Wheel 3 | . . . 6 18 1 . . . . Device 11 | . 4 14 7 11 13 13 15 14 13 Processor 18 | . 6 14 14 9 22 23 23 23 23 Protection 4 | . . . . 15 7 5 6 3 6 Energy Gun 3 | . 14 14 2 . 5 7 6 . . Energy Cannon 1 | . . . . . 7 4 . . . Ballistic Gun 11 | . 14 13 24 26 8 6 6 . . Slashing Weapon 4 | . . . . . . . . 13 15 Piercing Weapon 1 | . . . . . . . . 6 7 Peak Build Rating 41 | 5 7 7 13 27 36 41 41 41 41 Average Rating 24 | 3 5 6 6 24 34 35 36 31 40 On Entrance 18 | . 5 7 6 11 27 36 41 13 41 Avg Prop Armor Cover (%) 4 | . . . 5 4 4 5 . . . Naked Turns . | . . . . . . . . . . Heaviest Build 39 | 7 8 8 9 35 35 39 39 22 22 Greatest Support 40 | 20 20 20 40 40 40 35 30 20 20 Greatest Overweight (x) 7 | . . . 2 2 1 2 1 7 6 Average Overweight (x) . | . . . . . . . . 2 1 Largest Inventory Capacity 5 | 5 5 5 5 5 5 5 5 5 5 Average Capacity 5 | 5 5 5 5 5 5 5 5 5 5 Most Carried 5 | . 5 5 5 5 5 5 1 5 5 Average Carried 4 | . 3 4 4 4 4 3 . 4 5 Final Capacity 5 | 5 5 5 5 5 5 5 5 5 5 Final Carried 5 | . 5 5 5 5 5 . 1 5 5 Class Distribution -------------------- 34% | Mutant 14% | Scavenger-Gunner 14% | Derelict-Mutant 12% | Gunner 11% | Scavenger-Tank 11% | Scavenger-Mutant Dominant Class ---------------- Mutant | -10/Materials Mutant | -10/Mines Scavenger-Mutant | -10/Subcaves Scavenger-Tank | -8/Materials Scavenger-Gunner | -7/Factory Scavenger-Gunner | -7/Lower Caves Gunner | -7/Lower Caves Mutant | -7/Zion Derelict-Mutant | -7/Deep Caves Resources | -11 -10 -10 -10 -8 -7 -7 -7 -7 -7 ----------- Run | Yrd Mat Min Sub Mat Fac Low Low Zio Dee Matter Collected 1294 | 231 118 27 131 350 123 206 28 80 . Remotely . | . . . . . . . . . . Salvage Created 1723 | . 189 88 187 659 291 232 22 . 55 Parts 103 | . 21 9 13 32 14 9 . . 5 Haulers Intercepted 1 | . . . . 1 . . . . . Recyclers Shooed . | . . . . . . . . . . Parts Field Recycled . | . . . . . . . . . . Retrieved Matter . | . . . . . . . . . . Parts Self-Destructed 18 | . . . 8 . . 9 1 . . Prevented . | . . . . . . . . . . Parts Restored . | . . . . . . . . . . Kills | -11 -10 -10 -10 -8 -7 -7 -7 -7 -7 ------- Run | Yrd Mat Min Sub Mat Fac Low Low Zio Dee Combat Hostiles Destroyed 45 | . 8 6 4 12 5 8 1 . 1 Melee 1 | . . . . . . . . . 1 Guns 38 | . 8 6 4 12 3 4 1 . . Cannons 6 | . . . . . 2 4 . . . Classes Destroyed 10 | . 3 . 1 4 . 1 . . 1 Hauler 1 | . . . . 1 . . . . . Watcher 2 | . 1 . . 1 . . . . . Swarmer 17 | . 6 6 . . . 5 . . . Grunt 10 | . 2 . . 5 3 . . . . Brawler 1 | . . . . 1 . . . . . Sentry 7 | . . . . 4 2 1 . . . Hunter 4 | . . . . 2 . 1 1 . . Behemoth 1 | . . . . . . 1 . . . Subdweller 4 | . . . 4 . . . . . . Z-Light 1 | . . . . . . . . . 1 Best Kill Streak 4 | . 3 3 1 4 3 3 1 . 1 Combat Bots Only 3 | . 3 3 1 3 3 3 1 . 1 Max Kills in Single Turn 2 | . 2 1 1 1 2 1 1 . 1 Gunslinging 1 | . 1 . . . . . . . . Exploded . | . . . . . . . . . . Melee 1 | . . . . . . . . . 1 Uniques/NPCs Destroyed . | . . . . . . . . . . Combat | -11 -10 -10 -10 -8 -7 -7 -7 -7 -7 -------- Run | Yrd Mat Min Sub Mat Fac Low Low Zio Dee Hostile Shots Fired 485 | . 58 44 34 63 48 145 55 . 38 Missed 150 | . 19 14 9 14 22 49 14 . 9 Hits 335 | . 39 30 25 49 26 96 41 . 29 Melee 1 | . . . . 1 . . . . . Projectile 334 | . 39 30 25 48 26 96 41 . 29 Critical Strikes 11 | . . 1 . 6 1 . 3 . . Damage Taken 5122 | . 318 239 601 769 299 1343 619 . 934 Core 1001 | . 62 49 128 45 33 164 42 . 478 Absorbed by Shields . | . . . . . . . . . . Regen/Repaired (Parts) 125 | . . . . . 57 . . 68 . Core Remaining (%) 65 | 100 . . 4 91 . . . . . Volleys Fired 150 | . 31 17 24 42 9 24 3 . . Largest 3 | . 2 2 2 3 3 3 3 . . Hottest 224 | . 60 60 60 138 188 224 137 . . Shots Fired 372 | . 61 33 48 123 26 72 9 . . Gun 335 | . 61 33 48 121 18 48 6 . . Cannon 37 | . . . . 2 8 24 3 . . Launcher . | . . . . . . . . . . Special . | . . . . . . . . . . Kinetic 260 | . 31 16 47 121 12 27 6 . . Thermal 112 | . 30 17 1 2 14 45 3 . . Explosive . | . . . . . . . . . . Electromagnetic . | . . . . . . . . . . Robot Hit Streak 15 | . 8 4 14 8 6 15 7 . . Robot Miss Streak 7 | . 7 3 2 3 2 4 1 . . Penetration Max . | . . . . . . . . . . Secondary Targets 6 | . 2 3 1 . . . . . . Max Gunslinging Chain 1 | . 1 1 1 . . . . . . Shots Hit Robots 242 | . 34 16 39 74 19 50 7 . 3 Core Hits 111 | . 16 7 14 31 14 24 3 . 2 Critical Kills 1 | . . . . . 1 . . . . Critical Parts Destroyed . | . . . . . . . . . . Critical Strikes 5 | . . . . . 1 3 . . 1 Burn 1 | . . . . . . 1 . . . Destroy 1 | . . . . . 1 . . . . Blast 2 | . . . . . . 2 . . . Sever 1 | . . . . . . . . . 1 Melee Attacks 3 | . . . . . . . . . 3 Impact . | . . . . . . . . . . Slashing 3 | . . . . . . . . . 3 Piercing . | . . . . . . . . . . Sneak Attacks . | . . . . . . . . . . Combat Hostiles . | . . . . . . . . . . Follow-up Attacks . | . . . . . . . . . . Damage Inflicted 3853 | . 329 171 342 1211 479 1079 123 . 119 Guns 3050 | . 329 171 342 1186 275 661 86 . . Cannons 680 | . . . . 25 200 418 37 . . Explosions . | . . . . . . . . . . Melee 119 | . . . . . . . . . 119 Ramming 4 | . . . . . 4 . . . . Kinetic 2325 | . 141 49 342 1186 166 375 66 . . Thermal 1405 | . 188 122 . 25 309 704 57 . . Explosive . | . . . . . . . . . . Electromagnetic . | . . . . . . . . . . Impact . | . . . . . . . . . . Slashing 119 | . . . . . . . . . 119 Piercing . | . . . . . . . . . . Highest Corruption . | . . . . . . . . . . Average Corruption . | . . . . . . . . . . Corruption Purged . | . . . . . . . . . . Corruption Blocked . | . . . . . . . . . . Overload Shots . | . . . . . . . . . . Overflow Damage 10 | . . . . . . 10 . . . Projectiles 10 | . . . . . . 10 . . . Explosions . | . . . . . . . . . . Melee . | . . . . . . . . . . Knockbacks . | . . . . . . . . . . Impact . | . . . . . . . . . . Kinetic . | . . . . . . . . . . Secondary . | . . . . . . . . . . Self-Inflicted Damage . | . . . . . . . . . . Shots . | . . . . . . . . . . Rammed . | . . . . . . . . . . Targets Rammed 1 | . . . . . 1 . . . . Kicked 1 | . . . . . 1 . . . . Crushed . | . . . . . . . . . . Highest Temperature 403 | . 52 60 . 315 83 403 . . 5 Average Temperature 91 | . 20 23 . 126 32 207 . . 3 Received Heat Transfer 1407 | . 18 . 99 333 162 156 378 . 261 Effects 1 | . . . . . . 1 . . . Damage (minor) 1 | . . . . . . 1 . . . Siege Activations . | . . . . . . . . . . Martial Activations . | . . . . . . . . . . Shielding Activations . | . . . . . . . . . . Robots Disrupted . | . . . . . . . . . . Combat Hostiles . | . . . . . . . . . . Robots Corrupted . | . . . . . . . . . . Combat Hostiles . | . . . . . . . . . . Parts Fried . | . . . . . . . . . . Impact Corruptions . | . . . . . . . . . . Robots Melted . | . . . . . . . . . . Combat Hostiles . | . . . . . . . . . . Parts Melted 2 | . . . 2 . . . . . . Heat Transferred 2810 | . 425 275 . 37 546 1416 111 . . Parts Sabotaged . | . . . . . . . . . . Parts Stolen . | . . . . . . . . . . Parts Stripped . | . . . . . . . . . . Power Chain Reactions . | . . . . . . . . . . Alert | -11 -10 -10 -10 -8 -7 -7 -7 -7 -7 ------- Run | Yrd Mat Min Sub Mat Fac Low Low Zio Dee Maximum Alert Level . | . . . . . . . . . . Low Security (%) 100 | 100 100 100 . 100 100 . . . . Level 1 . | . . . . . . . . . . Level 2 . | . . . . . . . . . . Level 3 . | . . . . . . . . . . Level 4 . | . . . . . . . . . . Level 5 . | . . . . . . . . . . High Security . | . . . . . . . . . . Max Security . | . . . . . . . . . . Peak Influence 135 | . 77 62 . 135 119 . . . . Initial 44 | . . 2 . . 44 . . . . Average 41 | . 31 24 . 47 61 . . . . Influence Increases 1119 | . 206 140 . 408 145 190 30 . . Destroy 0b10 Robot/C 800 | . 160 120 . 240 100 160 20 . . Destroy 0b10 Robot/NC 15 | . 5 . . 10 . . . . . Destroy Leader 206 | . 32 20 . 84 30 30 10 . . Successful Hack 9 | . 9 . . . . . . . . Disable Machine 15 | . . . . . 15 . . . . Destroy Structure 14 | . . . . 14 . . . . . Lose Combat Pursuer 60 | . . . . 60 . . . . . Influence Decreases 1119 | . 199 117 30 309 244 190 30 . . Entered New Map 76 | . . 5 16 . 55 . . . . Time Decay 982 | . 199 102 14 288 189 160 30 . . Lost Part 61 | . . 10 . 21 . 30 . . . Squads Dispatched 5 | . 1 . . 3 1 . . . . Investigation 1 | . . . . 1 . . . . . Extermination 1 | . . . . . 1 . . . . Reinforcement 2 | . 1 . . 1 . . . . . Assault . | . . . . . . . . . . Garrison 1 | . . . . 1 . . . . . Intercept . | . . . . . . . . . . Searches Triggered . | . . . . . . . . . . Construction Impeded . | . . . . . . . . . . Haulers Reinforced . | . . . . . . . . . . Active Scanning Responses . | . . . . . . . . . . Cargo Convoy Interrupts . | . . . . . . . . . . Stealth | -11 -10 -10 -10 -8 -7 -7 -7 -7 -7 --------- Run | Yrd Mat Min Sub Mat Fac Low Low Zio Dee Distress Signals 5 | . 1 . . 4 . . . . . Communications Jammed . | . . . . . . . . . . Distress Signals . | . . . . . . . . . . Times Spotted 75 | . 14 6 5 22 6 9 10 . 3 Peak Tracking Total 9 | . 4 3 2 6 4 3 9 . 3 Tactical Retreats 3 | . . . . 3 . . . . . Traps | -11 -10 -10 -10 -8 -7 -7 -7 -7 -7 ------- Run | Yrd Mat Min Sub Mat Fac Low Low Zio Dee Traps Triggered 4 | . 1 . 1 1 1 . . . . Indirectly . | . . . . . . . . . . Trap Hack Attempts . | . . . . . . . . . . Triggered . | . . . . . . . . . . Disarmed . | . . . . . . . . . . Reprogrammed . | . . . . . . . . . . Reused . | . . . . . . . . . . Traps Extracted . | . . . . . . . . . . Installed . | . . . . . . . . . . Triggered . | . . . . . . . . . . Machines | -11 -10 -10 -10 -8 -7 -7 -7 -7 -7 ---------- Run | Yrd Mat Min Sub Mat Fac Low Low Zio Dee Machines Disabled 1 | . . . . . 1 . . . . Max in Single Turn 1 | . . . . . 1 . . . . Machines Repaired . | . . . . . . . . . . Machines Dismantled . | . . . . . . . . . . Machines Sabotaged . | . . . . . . . . . . Overloaded Fab Kills . | . . . . . . . . . . Hacking | -11 -10 -10 -10 -8 -7 -7 -7 -7 -7 --------- Run | Yrd Mat Min Sub Mat Fac Low Low Zio Dee Machines Accessed 11 | . 2 . 3 3 1 1 . 1 . Terminals 5 | . 2 . . 2 . 1 . . . Fabricators . | . . . . . . . . . . Repair Stations 1 | . . . . . 1 . . . . Recycling Units . | . . . . . . . . . . Scanalyzers 1 | . . . . 1 . . . . . Garrison Access . | . . . . . . . . . . Total Hacks 29 | . 4 . 8 8 4 2 . 3 . Successful 22 | . 3 . 8 4 2 2 . 3 . Failed 6 | . 1 . . 3 2 . . . . Catastrophic . | . . . . . . . . . . Database Lockouts 1 | . . . . 1 . . . . . Manual 12 | . 3 . . 5 . . . 4 . Terminals 11 | . 4 . . 5 . 2 . . . Fabricators . | . . . . . . . . . . Repair Stations 4 | . . . . . 4 . . . . Recycling Units . | . . . . . . . . . . Scanalyzers 3 | . . . . 3 . . . . . Garrison Access . | . . . . . . . . . . Terminal Hacks 14 | . 1 . 8 . . 2 . 3 . Record 8 | . . . 6 . . 2 . . . Part Schematic 3 | . . . . . . . . 3 . Robot Analysis 1 | . 1 . . . . . . . . Open Door 1 | . . . 1 . . . . . . Release Object 1 | . . . 1 . . . . . . Fabricator Hacks . | . . . . . . . . . . Repair Station Hacks 2 | . . . . . 2 . . . . Scan Component 1 | . . . . . 1 . . . . Repair 1 | . . . . . 1 . . . . Recycling Unit Hacks . | . . . . . . . . . . Scanalyzer 2 | . . . . 2 . . . . . Retrieve Study 2 | . . . . 2 . . . . . Garrison Access Hacks . | . . . . . . . . . . Unauthorized Hacks 4 | . 2 . . 2 . . . . . Terminals 4 | . 2 . . 2 . . . . . Botnet 4 | . 2 . . 2 . . . . . Fabricators . | . . . . . . . . . . Repair Stations . | . . . . . . . . . . Recycling Units . | . . . . . . . . . . Scanalyzers . | . . . . . . . . . . Garrison Access . | . . . . . . . . . . Data Cores Recovered . | . . . . . . . . . . Used . | . . . . . . . . . . Hacking Detections 5 | . 1 . . 3 . 1 . . . Full Trace Events . | . . . . . . . . . . Feedback Events . | . . . . . . . . . . Feedback Blocked . | . . . . . . . . . . Robot Schematics Acquired 3 | . . . . . . . . 3 . Robots Built . | . . . . . . . . . . Authchips . | . . . . . . . . . . Time . | . . . . . . . . . . Total Robot Build Rating . | . . . . . . . . . . Part Schematics Acquired 17 | . . . . . . . . 17 . Parts Built . | . . . . . . . . . . Authchips . | . . . . . . . . . . Time . | . . . . . . . . . . Total Part Build Rating . | . . . . . . . . . . Part Studies Acquired 2 | . . . . 2 . . . . . Parts Repaired 1 | . . . . . 1 . . . . Time 32 | . . . . . 32 . . . . Parts Recycled . | . . . . . . . . . . Recycled Matter . | . . . . . . . . . . Retrieved Matter . | . . . . . . . . . . Retrieved Components . | . . . . . . . . . . Parts Scanalyzed . | . . . . . . . . . . Part Schematics Acquired . | . . . . . . . . . . Parts Damaged . | . . . . . . . . . . Bothacking | -11 -10 -10 -10 -8 -7 -7 -7 -7 -7 ------------ Run | Yrd Mat Min Sub Mat Fac Low Low Zio Dee Used RIF Installer . | . . . . . . . . . . Robots Hacked . | . . . . . . . . . . Non-combat . | . . . . . . . . . . Combat . | . . . . . . . . . . Robot Hacks Applied . | . . . . . . . . . . Relay Couplers Released . | . . . . . . . . . . Fabnet Peak Effective % . | . . . . . . . . . . Robots Rewired . | . . . . . . . . . . Allies Hacked . | . . . . . . . . . . Hacks Repelled . | . . . . . . . . . . Allies | -11 -10 -10 -10 -8 -7 -7 -7 -7 -7 -------- Run | Yrd Mat Min Sub Mat Fac Low Low Zio Dee Total Allies 4 | . . . . . . . . 4 . Largest Group 4 | . . . . . . . . 4 . Highest-Rated Group 156 | . . . . . . . . 156 . Highest-Rated Ally 42 | . . . . . . . . 42 . Total Orders . | . . . . . . . . . . Ally Attacks . | . . . . . . . . . . Total Damage . | . . . . . . . . . . Kills . | . . . . . . . . . . Allies Corrupted . | . . . . . . . . . . Allies Melted . | . . . . . . . . . . Intel | -11 -10 -10 -10 -8 -7 -7 -7 -7 -7 ------- Run | Yrd Mat Min Sub Mat Fac Low Low Zio Dee Active Infowar (turns) 1130 | . 168 285 588 89 . . . . . Optics 254 | . . . 165 89 . . . . . Sensors 876 | . 168 285 423 . . . . . . Robot Analysis Total 1 | . 1 . . . . . . . . Derelict Logs Recovered 5 | . . . . . . 2 2 1 . Drone Launches . | . . . . . . . . . . Drone Recoveries . | . . . . . . . . . . Exploration | -11 -10 -10 -10 -8 -7 -7 -7 -7 -7 ------------- Run | Yrd Mat Min Sub Mat Fac Low Low Zio Dee Turns Passed 7944 | 54 550 285 1573 944 384 1198 708 1894 354 Spaces Moved 4558 | 39 356 189 1223 364 233 742 311 934 167 Core 600 | 4 . . 11 . . . 13 568 4 Treads 460 | . . . . . 42 120 298 . . Legs 2899 | 35 356 189 996 3 169 622 . 366 163 Wheels 599 | . . . 216 361 22 . . . . Hover . | . . . . . . . . . . Flight . | . . . . . . . . . . Fastest Speed 50 | 50 120 120 110 110 110 120 50 50 140 Average Speed 149 | 112 120 120 118 111 127 142 224 199 208 Slowest Speed 400 | 120 120 120 150 260 240 260 240 400 350 Overloaded Moves . | . . . . . . . . . . Propulsion Burnouts . | . . . . . . . . . . Robots Hopped . | . . . . . . . . . . Potential Cave-ins . | . . . . . . . . . . Cave-ins Triggered . | . . . . . . . . . . Exploration Rate (%) 42 | 3 55 37 48 31 5 71 56 90 26 Regions Visited 9 Branch Regions 6 Pre-discovered Areas 6 | . . . 2 . . 2 . 2 . Known Exits Taken 8 | . 1 1 1 1 1 1 1 1 . Unknown Exits Taken 1 | 1 . . . . . . . . . Scrap Searched 12 | . . 1 4 . . 2 1 4 . Spaces Dug . | . . . . . . . . . . Terrain Destroyed 17 | . . . . 14 . 3 . . . Melee . | . . . . . . . . . . Projectile 17 | . . . . 14 . 3 . . . AOE . | . . . . . . . . . . Terrain Rammed . | . . . . . . . . . . Walls Destroyed . | . . . . . . . . . . Machines Disabled . | . . . . . . . . . . Actions | -11 -10 -10 -10 -8 -7 -7 -7 -7 -7 --------- Run | Yrd Mat Min Sub Mat Fac Low Low Zio Dee Total 5379 | 46 424 217 1304 819 299 821 315 964 170 Wait 552 | 3 23 9 39 382 35 46 . 15 . Move 4549 | 38 355 188 1222 363 232 741 310 933 167 Hop . | . . . . . . . . . . Pick Up 23 | . 5 1 3 7 2 . 1 4 . Fast Attach 49 | 5 4 1 8 9 8 5 . 9 . Attach 14 | . . 1 3 4 2 4 . . . Detach 1 | . . . 1 . . . . . . Swap 6 | . 3 . . 1 2 . . . . Drop 30 | . 3 . 3 11 8 1 1 3 . Fire 150 | . 31 17 24 42 9 24 3 . . Melee 3 | . . . . . . . . . 3 Ram . | . . . . . . . . . . Kick 1 | . . . . . 1 . . . . Crush . | . . . . . . . . . . Escape Stasis . | . . . . . . . . . . Rewire . | . . . . . . . . . . Trap . | . . . . . . . . . . Miscellaneous 1 | . . . 1 . . . . . . Route ------- -11/Scrapyard -10/Materials (discovered 4 exits: [*Mat] / *Min x2 / *Sub) -10/Mines -10/Subcaves -8/Materials -7/Factory -7/Lower Caves -7/Lower Caves (discovered 2 exits: *Fac / *Zio) -7/Zion (discovered 2 exits: *Dee / *Pro) -7/Deep Caves History --------- Turn | Location | Event 28 | -11/Scrapyard | Discovered new exit (range 12) 55 | -11/Scrapyard | Entered Materials 72 | -10/Materials | Discovered new exit (range 6) 210 | -10/Materials | Discovered new exit (range 10) 303 | -10/Materials | Build established: Mutant 404 | -10/Materials | Discovered new exit (range 12) 492 | -10/Materials | Discovered new exit (range 13) 603 | -10/Materials | Identified exit to Mines 605 | -10/Materials | Entered Mines 739 | -10/Mines | Assembled infested the area 744 | -10/Mines | Assisted by a Guerilla fighting off Assembled 779 | -10/Mines | Found a hidden stash of uninstalled traps 869 | -10/Mines | Lost 3 parts (1p1n1w) 883 | -10/Mines | Discovered new exit (range 5) 889 | -10/Mines | Identified exit to Subcaves 890 | -10/Mines | Entered Subcaves 893 | -10/Subcaves | A swath of the cavern ceiling suddenly collapsed 1136 | -10/Subcaves | Build established: Scavenger-Mutant 1303 | -10/Subcaves | Released subatomizers from SUBCON Basin 1423 | -10/Subcaves | Visited Clippyterm 1426 | -10/Subcaves | Learned location of Section 7 (-2) 1426 | -10/Subcaves | Learned Factory garrison access intel 1464 | -10/Subcaves | Shifting Twisted Machinery released Riot Gun 1491 | -10/Subcaves | Shifting Twisted Machinery released Flamer 1611 | -10/Subcaves | Build established: Mutant 1673 | -10/Subcaves | Core integrity fell below 50% 2120 | -10/Subcaves | Core integrity fell below 20% 2160 | -10/Subcaves | Discovered new exit (range 9) 2161 | -10/Subcaves | Learned location of Zion (-7) 2161 | -10/Subcaves | Met a Zionite searching for "candidates" 2169 | -10/Subcaves | Identified exit to Materials 2332 | -10/Subcaves | Ambushed by Subdwellers from Twisted Machinery 2463 | -10/Subcaves | Entered Materials 2463 | -8/Materials | Evolved 4 slots: Propulsion x1, Utility x2, Weapon x1 2734 | -8/Materials | Central database locked down 2746 | -8/Materials | Build established: Scavenger-Tank 3291 | -8/Materials | Garrison activated, responded to threat 3388 | -8/Materials | Discovered new exit (range 16) 3403 | -8/Materials | Identified exit to Factory 3407 | -8/Materials | Entered Factory 3407 | -7/Factory | Evolved 2 slots: Utility x2 3408 | -7/Factory | Loaded intel: 4 garrison access locations 3617 | -7/Factory | Repaired Med. Armor Plating 3623 | -7/Factory | Discovered new exit (range 9) 3633 | -7/Factory | Identified exit to Lower Caves 3733 | -7/Factory | Build established: Scavenger-Gunner 3791 | -7/Factory | Entered Lower Caves 3932 | -7/Lower Caves | Learned location of Extension (-5) 4316 | -7/Lower Caves | Attracted the attention of an 0b10 checkpoint 4578 | -7/Lower Caves | Spotted B-75 Beast 4677 | -7/Lower Caves | Lost 7 parts (1p2n1u3w) 4682 | -7/Lower Caves | Destroyed B-75 Beast 4925 | -7/Lower Caves | Build established: Gunner 4948 | -7/Lower Caves | Discovered new exit (range 5) 4958 | -7/Lower Caves | Identified exit to Lower Caves 4989 | -7/Lower Caves | Entered another Lower Caves area 5114 | -7/Lower Caves | Discovered new exit (range 13) 5150 | -7/Lower Caves | Identified exit to Factory 5528 | -7/Lower Caves | Learned 12 Factory zone layouts 5679 | -7/Lower Caves | Lost 4 parts (1u3w) 5692 | -7/Lower Caves | Discovered new exit (range 13) 5697 | -7/Lower Caves | Identified exit to Zion 5697 | -7/Lower Caves | Entered Zion 5710 | -7/Zion | Found CR-A16's Pointy Stick 5752 | -7/Zion | Discovered new exit (range 16) 5780 | -7/Zion | Identified exit to Proximity Caves 5920 | -7/Zion | Build established: Mutant 6002 | -7/Zion | Found Prototype Device 6002 | -7/Zion | Identified Mobile Refinery Mk. CCLXVII 6272 | -7/Zion | Identified exit to Deep Caves 6354 | -7/Zion | Met Imprinter 6386 | -7/Zion | Imprinted 6388 | -7/Zion | Declared Zion's savior 6677 | -7/Zion | Acquired unknown access codes intercepted by a Zionite 6873 | -7/Zion | Learned location of Armory (-4) 7091 | -7/Zion | Build established: Derelict-Mutant 7530 | -7/Zion | Opened final containment barrier to the Deep Caves 7565 | -7/Zion | Saw the warning signs outside the Deep Caves entrance 7591 | -7/Zion | Entered Deep Caves 7591 | -7/Deep Caves | Accompanied by 4 allies 7919 | -7/Deep Caves | Attacked by Z-Imprinter 7936 | -7/Deep Caves | Core integrity fell below 50% 7942 | -7/Deep Caves | Core integrity fell below 20% 7945 | -7/Deep Caves | Destroyed by Z-Imprinter with Zionite Laser-M Last Messages --------------- GOAL=ESCAPE WW-2JU(M): "Okay, we didn't really expect you'd be crazy enough to head out this way. We'll go back and get... reinforcements... yeah." WW-2JU(M) slips into the shadows. GE-ODZ(M) slips into the shadows. 9I-8O2(M) slips into the shadows. FC-ADY(M) slips into the shadows. NEW_ZION: Z-Facility proximity alert. Cryofiber Web destroyed. Mak. Heat Sink destroyed. Z-Imprinter: GET AWAY FROM HERE! I've worked too hard for our future just to have you ruin everything! Mak. Leg destroyed. Imp. Medium Armor Plating destroyed. Mak. Power Source destroyed. 8T-GJD(z) destroyed. CR-A16's Pointy Stick destroyed. 0O-RR8(z) Prototype Protection severed. Map ----- +----------------------------------------------------+ | | | | | | | | | | | | | | | | | | | | | ?????????????????????????????????????????????????? | | ??#########??????????????????????????????????????? | | ? ??????????????????????????????######### | | ? ?????###?????????????????????# | | ? ##?### ##?????######????????## | | ## # #???### ##???????# #### | | ##### #???????# #### | | #????????# | | #????????## | | #?????????## ##### | | #????????## ##?? | | ? """""" ##???????# ##? | | ?????""" ######### ## | | ?????""" z ## | | ?????""" !*I ## | | ????" @%! ### | | ????"""" !! #### ## | | ????"""" ###??## ### | | ??????"" ##?????# ### | | ??????"" #?????## ### | | ??????" #????## ### | | ????? #???# ### | | ????? #???# ### | | ?????? #???## ## | | ??????? ##????## | | ????????? #??????## | | ??????????? ???????# ## | | ?????????????? #??????## #### | | ???????????????? ##???????## ## | | ??????????????????? ???????????##### ### | | ?????????????????????? ?????????????????# #"# | | ?????????????????????????????????????????????# # # | | ?????????????????????????????????????###?????# | | ????????????????????????????????????## ##### ## | | ????????????????????????????????????# # | | ????????????????????????????????????# | | ????????????????????????????????????## | | ?????????????????????????????????????## ## ## | | ??????????????????????????????????????# #?## ## | | ??????????????????????????????????????# ???# # | +----------------------------------------------------+ Best States ------------- Heat Dissipation 72 Energy Generation 16 Energy Capacity 290 Matter Stores 300 Matter Capacity 300 Sight Range 21 Robot Scan Range 14 Terrain Scan Density 10 Base Temperature (-) 100 Armor Coverage 600 Evasion (%) 55 Targeting Accuracy 8 Target Analysis 5 Recoil Reduction 2 Item Schematics ----------------- Flamer | -7/Zion | Free Barrage Gun | -7/Zion | Free Ripper | -7/Zion | Free Focal Shield | -7/Zion | Archive Microactuators | -7/Zion | Archive Hvy. Ion Cannon | -7/Zion | Archive Plasma Rifle | -7/Zion | Archive Coil Gun | -7/Zion | Archive Coolant Injector | -7/Zion | Archive Tesla Rifle | -7/Zion | Archive Lrn. Proton Cannon | -7/Zion | Archive Plasma Cannon | -7/Zion | Archive Hpw. Shock Rifle | -7/Zion | Archive Core Analyzer | -7/Zion | Archive Matter Compressor | -7/Zion | Archive Imp. Cooling System | -7/Zion | Archive Adv. Melee Analysis Suite | -7/Zion | Archive Robot Schematics ------------------ T-07 Excavator | -7/Zion | Archive B-48 Gladiator | -7/Zion | Archive H-55 Commando | -7/Zion | Archive Fabricated ------------ Nothing Repaired ---------- Med. Armor Plating | 52% | -7/Factory Studied --------- Lgt. Deuterium Engine | -8/Materials | Hacked Hvy. Particle Cannon | -8/Materials | Hacked Alien Tech Used ----------------- None Achievements -------------- Close Call Signs Are For Wimps Challenges ------------ None Game ------ Seed CoilMatterAnalyzer Manual? 0 Play Time 00:45:26 Cumulative 46.4 hours Start 2026.07.07 @ 17:01:35 End 2026.07.09 @ 16:55:15 Sessions 3 Manual Loads 0 Difficulty Rogue Special Mode None Game No. 51 Rogue 51 Adventurer 0 Explorer 0 Win Type - Total 0 Types 0/0/0/0/0/0/0/0/0/0 Lore% 52 Gallery% 34 Achievement% 31 Wizard Run 0 Options --------- Layout 1 ASCII 0 Keyboard 0 Movement Mouse Keybinds 0 Fullscreen 1 Font 24/X11 Map View 50x35 Zoom Use 0% Tactical HUD 0 Map Filters NONE Filters NONE Steam 1 RUN: 089cb55a-0c6a-40b7-b927-93fe30e95602